 Dungeon Crawl Stone Soup version 0.29.1-15-g9cfb28693d (webtiles) character file.

Game seed: 18109874529492348731

10 FaviusArthum the Trooper (level 2, 0/18 HPs)
             Began as a Deep Elf Abyssal Knight on Apr 8, 2023.
             Was a Believer of Lugonu.
             Slain by a quokka (1 damage)
             ... on level 1 of the Dungeon.
             The game lasted 00:02:30 (715 turns).

FaviusArthum the Trooper (Deep Elf Abyssal Knight)   Turns: 715, Time: 00:02:30

Health: 0/18       AC:  3    Str: 10    XL:     2   Next: 10%
Magic:  4/5        EV: 12    Int: 14    God:    Lugonu [**....]
Gold:   18         SH:  0    Dex: 15    Spells: 3/3 levels left

rFire   . . .      SeeInvis .   c - +0 dagger
rCold   . . .      Faith    .   (no shield)
rNeg    . . .      Spirit   .   b - +0 leather armour
rPois   .          Reflect  .   (no helmet)
rElec   .          Harm     .   (no cloak)
rCorr   .          Rampage  .   (no gloves)
Will    .....                   (no boots)
Stlth   +.........              (no amulet)
HPRegen 0.06/turn               (no ring)
MPRegen 0.09/turn               (no ring)

@: no status effects
A: no striking features
a: Renounce Religion, Depart the Abyss, Bend Space


You were on level 1 of the Dungeon.
You worshipped Lugonu.
Lugonu was pleased with you.
You visited 1 branch of the dungeon, and saw 1 of its levels.
You visited the Abyss 1 time.

You collected 18 gold pieces.

Inventory:

Hand Weapons
 a - a +1 short sword
 c - a +0 dagger (weapon)
Armour
 b - a +0 leather armour (worn)
 d - a +0 leather armour


   Skills:
 + Level 2.6 Fighting
 + Level 2.0 Short Blades
 + Level 1.0 Armour
 + Level 2.4 Dodging
 + Level 0.6 Stealth
 * Level 1.0 Spellcasting
 + Level 2.0 Invocations


You had 3 spell levels left.
You didn't know any spells.
Your spell library was empty.

Dungeon Overview and Level Annotations

Branches:
Dungeon (1/15)

Altars:


Message History

You miss the quokka. The quokka misses you.
You hit the quokka.
The quokka is moderately wounded.
The quokka bites you.
You hit the quokka but do no damage.
The quokka is moderately wounded.
The quokka barely misses you.
You closely miss the quokka.
The quokka is moderately wounded.
The quokka bites you.
You barely miss the quokka.
The quokka is lightly wounded.
The quokka barely misses you.
You closely miss the quokka.
The quokka is lightly wounded.
The quokka barely misses you.
The quokka twitches its whiskers.
The quokka barely misses you. The quokka attacks as you move away!
The quokka bites you but does no damage.
You closely miss the quokka.
The quokka is lightly wounded.
The quokka closely misses you.
You closely miss the quokka.
The quokka is lightly wounded.
The quokka bites you.
* * * LOW HITPOINT WARNING * * *
The quokka closely misses you.
You barely miss the quokka.
The quokka is lightly wounded.
The quokka bites you but does no damage.
You hit the quokka.
The quokka is heavily wounded.
The quokka bites you.
* * * LOW HITPOINT WARNING * * *
Space bends violently around you!
You blink.
You closely miss the quokka.
The quokka is heavily wounded.
The quokka bites you.
You die...

####.####.###........# ##.##
####.......#.# ###..##### #.#
#..........#.# #..# #.#
#.##.......#.. ...# ###.#
#.##.......### ##+## #...#
#..........# ##...## #.###
####.......# ##.....## #.#
#.......# ##.......## ##.##
#####.#...## #..@......####...##
.............+...r§...†'.......#
#####.#...####.........####...##
#........##.......## ##....#
#.######. ##.....## ####.# #.# #
##...## .# #.. ##'## # #.. #.#
## #.#


You could see a quokka.

Vanquished Creatures
  2 endoplasms (D:1)
  2 goblins (D:1)
  2 hobgoblins (D:1)
  A frilled lizard (D:1)
  2 rats (D:1)
9 creatures vanquished.

Notes
Turn   | Place    | Note
-------+----------+-------------------------------------------
     0 | Abyss:1  | FaviusArthum the Deep Elf Abyssal Knight began the quest
                  | for the Orb.
     0 | Abyss:1  | Reached XP level 1. HP: 13/13 MP: 4/4
    48 | Abyss:1  | Noticed a thrashing horror
    51 | D:1      | Escaped the Abyss
   136 | D:1      | Reached skill level 1 in Armour
   652 | D:1      | Reached XP level 2. HP: 16/18 MP: 5/5
   684 | D:1      | Reached skill level 1 in Spellcasting
   715 | D:1      | Slain by a quokka

Illustrated notes

Levels and vault maps discovered:
D:1:      heliophobic_arrival_battle_scene, layout_loops_corners,
          solitary_fountain

Skill      XL: |  1  2 |
---------------+-------+-----
Armour         | 1 |  1.0
Spellcasting   | 1 |  1.0
Fighting       | |  2.6
Short Blades   | |  2.0
Dodging        | |  2.4
Stealth        | |  0.6
Invocations    | |  2.0

Action                   || total
-------------------------++-------
Melee: Dagger            ||    48
       Short sword       ||     2
       Punch             ||     2
Invok: Depart the Abyss  ||     1
       Bend Space        ||     1
 Stab: Sleeping          ||     1
Armor: Leather armour    ||     9
Dodge: Dodged            ||    21
